 Dungeon Crawl Stone Soup version 0.20-a0-1089-g3fde505 (webtiles) character file.

109 JeffiDaFish the Firebug (level 4, -2/34 HPs)
             Began as a Draconian Fire Elementalist on May 2, 2017.
             Slain by Crazy Yiuf
             ... wielding a +2 quarterstaff of chaos
              (3 damage)
             ... on level 3 of the Dungeon.
             The game lasted 00:06:58 (2240 turns).

JeffiDaFish the Firebug (DrFE)                      Turns: 2240, Time: 00:06:58

Health: -2/34      AC:  6    Str: 11    XL:     4   Next: 60%
Magic:  1/8        EV: 12    Int: 15    God:
Gold:   69         SH:  0    Dex: 12    Spells: 1/8 levels left

rFire    . . .     SeeInvis .   k - +0 spear
rCold    . . .     Gourm    .   (no shield)
rNeg     . . .     Faith    .   (armour unavailable)
rPois    .         Spirit   .   (helmet restricted)
rElec    .         Reflect  .   i - +0 cloak
rCorr    .         Harm     .   (no gloves)
MR       .....                  (no boots)
Stlth    ++........             (no amulet)
Regen    0.2/turn               (no ring)
MPRegen  0.2/turn               (no ring)

@: lethally poisoned (-2 -> -10), very slightly contaminated
A: unfitting armour, cold-blooded, AC +5
a: no special abilities


You were on level 3 of the Dungeon.
You were not hungry.

You visited 1 branch of the dungeon, and saw 3 of its levels.

You collected 69 gold pieces.

Inventory:

Hand Weapons
 k - a +0 spear (weapon)
Armour
 e - a scarf of cold resistance
 i - a +0 cloak (worn)
Scrolls
 h - 3 scrolls of identify
 l - 3 scrolls of remove curse
Potions
 j - a potion of curing {unknown}
Books
 a - a book of Flames

   Spells                             Type                      Level
   a - Flame Tongue                   Conjuration/Fire             1
   b - Throw Flame                    Conjuration/Fire             2
   c - Conjure Flame                  Conjuration/Fire             3
   d - Inner Flame                    Hexes/Fire                   3
   e - Sticky Flame                   Conjuration/Fire             4
   f - Fireball                       Conjuration/Fire             5
Comestibles
 b - a bread ration
 c - 2 fruits
 d - 4 meat rations
 f - a chunk of flesh
 g - a royal jelly


   Skills:
 + Level 0.4 Fighting
 + Level 0.4 Polearms
 + Level 2.3 Dodging
 + Level 2.2 Stealth
 + Level 0.6 Unarmed Combat
 + Level 2.7 Spellcasting
 + Level 1.9 Conjurations
 + Level 3.6 Fire Magic


You had one spell level left.
You knew the following spells:

 Your Spells              Type           Power        Failure   Level  Hunger
a - Flame Tongue          Conj/Fire      ##...        7%          1    #......
b - Throw Flame           Conj/Fire      ##....       10%         2    ##.....
c - Sticky Flame          Conj/Fire      ##......     54%         4    #####..


Dungeon Overview and Level Annotations

Branches:
Dungeon (3/15)

Altars:
Elyvilon
Trog
Vehumet

Annotations:
D:3 Crazy Yiuf, Grinder


Innate Abilities, Weirdness & Mutations

Your plain brown scales are hard. (AC +5)
You cannot fit into any form of body armour.
You are cold-blooded and may be slowed by cold attacks.


Message History

You feel sick.
Attack whom?
Press: ? - help, Dir - move target cursor, f/p - Crazy Yiuf
Aim: Crazy Yiuf, wielding a quarterstaff of chaos and wearing a glowing cloak (almost dead)
You hit Crazy Yiuf but do no damage.
Crazy Yiuf is almost dead.
* * * LOW HITPOINT WARNING * * *
You feel sick. Crazy Yiuf closely misses you.
Attack whom?
Press: ? - help, Dir - move target cursor, f/p - Crazy Yiuf
Aim: Crazy Yiuf, wielding a quarterstaff of chaos and wearing a glowing cloak (almost dead)
You hit Crazy Yiuf.
Crazy Yiuf is almost dead.
* * * LOW HITPOINT WARNING * * *
You feel sick.
Crazy Yiuf grits, "Ten!
Snoogle childish toodlewoodle."
Crazy Yiuf hits you with a quarterstaff of chaos.
* * * LOW HITPOINT WARNING * * *
Space bends around you.
You die...

*,,,,,,,,,* ***,******* ***
####### ###** ♣♣#### #.....#
#)..#♣♣ ♣♣....#### #.#.###
#...'g♣♣♣♣........# #.#.#.#
#...#♣@.♣......##.# #.#.#.#
###**♣♣♣.♣....###.# #.#...#
♣♣♣♣♣### #÷# #.###.# ####.##
#.....# ##### ##.....####
#####.# ##...###.###.....#
#.## ##.....##.# ##.##.#
#..## ##.......#.####.##.#
##...####................#.#


You could see Crazy Yiuf.

Vanquished Creatures
  An orc priest (D:3)
  Robin (D:2)
  An adder (D:2)
  An ooze (D:1)
  4 orcs (D:3)
  11 goblins
  7 hobgoblins
  3 jackals (D:2)
  A ball python (D:1)
  4 bats (D:1)
  4 frilled lizards
  6 kobolds
  6 rats
50 creatures vanquished.

Notes
Turn   | Place    | Note
-------+----------+-------------------------------------------
     0 | D:1      | JeffiDaFish the Draconian Fire Elementalist began the quest for the Orb.
     0 | D:1      | Reached XP level 1. HP: 14/14 MP: 3/3
   245 | D:1      | Reached XP level 2. HP: 14/20 MP: 0/5
  1065 | D:2      | Noticed Robin
  1072 | D:2      | Reached XP level 3. HP: 26/26 MP: 3/6
  1076 | D:2      | Learned a level 2 spell: Throw Flame
  1087 | D:2      | Killed Robin
  1379 | D:2      | Found a white marble altar of Elyvilon.
  1379 | D:2      | Found a radiant altar of Vehumet.
  1508 | D:2      | Found a bloodstained altar of Trog.
  1639 | D:2      | Reached XP level 4. HP: 33/33 MP: 2/7
  2033 | D:3      | Learned a level 4 spell: Sticky Flame
  2071 | D:3      | Noticed Grinder
  2227 | D:3      | Found a runed door.
  2231 | D:3      | Noticed Crazy Yiuf
  2240 | D:3      | HP: 1/34 [Crazy Yiuf/quarterstaff of chaos (6)]
  2240 | D:3      | Slain by Crazy Yiuf

Vault maps used:
D:1:      dpeg_arrival_orchard, minmay_tromino_v4_a
D:2:      old_standard_altar, gammafunk_temple_overflow_elements, uniq_robin
D:3:      chequers_ecumenical_altar_simple, serial_bayou_ford_a, uniq_grinder,
          uniq_crazy_yiuf_cottage

Skill      XL: |  1  2 |
---------------+-------+-----
Dodging        | 2 |  2.3
Stealth        | 2 |  2.2
Fighting       | |  0.4
Polearms       | |  0.4
Unarmed Combat | |  0.6
Spellcasting   | |  2.7
Conjurations   | |  1.9
Fire Magic     | |  3.6

Action                   |  1- 3 |  4- 6 || total
-------------------------+-------+-------++-------
Melee: Unarmed           |    14 |       ||    14
       Tailslap          |     8 |     1 ||     9
       Short sword       |    10 |       ||    10
       Spear             |    41 |    34 ||    75
 Cast: Flame Tongue      |    43 |    11 ||    54
       Throw Flame       |     1 |       ||     1
  Use: Scroll            |     4 |     2 ||     6
       Potion            |     1 |       ||     1
 Stab: Sleeping          |       |     1 ||     1
  Eat: Chunk             |     3 |     2 ||     5
Armor: Skin              |    13 |    11 ||    24
Dodge: Dodged            |    47 |    25 ||    72
